AoeStats
← ilia topuria

Nomad

510862862Analyzed
3v3 RM · 18h ago on Oct 2, 2026· 31m 20s· 6 players
Game mode
Random Map
Map size
210×210
Population
200
Speed
Normal
Resources
Standard
Victory
Conquest
Starting age
Dark Age
Ending age
Imperial Age
RankedLock teamsTeams togetherTeam positionsShared explorationLock speedFull tech treeHidden civsTurbo modeCheats
Victory
Defeat
🇲🇽 Danes · Mexico
1119
+15
🇫🇷 Celts · France
1080
+17
🇺🇸 Ethiopians · United States
1060
+18
🇹🇷 Chinese · Türkiye
1202
-21
🇹🇷 Aztecs · Türkiye
1066
-15
🇹🇷 Vietnamese · Türkiye
1037
-14
Alcaz
5:27 Loom
13:28 Feudal Age
13:37 Feudal Age
14:34 Double-Bit Axe
14:36 Town Watch
18:12 Castle Age
16:43 Scale Mail Armor
16:54 Horse Collar
19:21 Chain Mail Armor
18:57 Gold Mining
20:04 Wheelbarrow
23:09 Arson
27:53 Heavy Plow
31:24 Bow Saw
er0208
4:15 Loom
14:11 Feudal Age
15:04 Double-Bit Axe
21:53 Castle Age
20:40 Fletching
20:54 Scale Mail Armor
24:05 Town Watch
27:17 Bow Saw
29:02 Horse Collar
30:50 Chain Mail Armor
31:31 Wheelbarrow
moreTuuunes
4:14 Loom
14:12 Feudal Age
14:50 Double-Bit Axe
14:56 Gold Mining
19:35 Castle Age
17:37 Fletching
19:27 Padded Archer Armor
19:44 Crossbowman
20:20 Bodkin Arrow
22:36 Bow Saw
26:13 Wheelbarrow
28:54 Stone Mining
32:48 Imperial Age
EtZeL
5:22 Loom
16:13 Feudal Age
17:00 Town Watch
17:52 Fletching
19:34 Padded Archer Armor
27:32 Castle Age
ilia topuria
3:41 Loom
15:26 Feudal Age
15:54 Town Watch
19:06 Castle Age
17:23 Horse Collar
24:28 Fletching
25:04 Bodkin Arrow
25:31 Padded Archer Armor
27:04 Leather Archer Armor
26:39 Double-Bit Axe
32:13 Imperial Age
reconquista.ad
10:39 Loom
13:12 Feudal Age
20:22 Castle Age
Connection lost

Rejoining the realm…

Still unreachable

The connection could not be restored.

Session expired

The server has moved on; the page needs a fresh start.